 Dungeon Crawl Stone Soup version 0.30-a0-586-g23e55c9e0a (webtiles) character file.

Game seed: 2257700250811447241

197 wormed the Covert (level 5, -5/38 HPs)
             Began as a Gnoll Wanderer on Jan 3, 2023.
             Slain by Grinder (7 damage)
             ... while paralysed by Grinder
             ... on level 3 of the Dungeon.
             The game lasted 00:05:37 (2091 turns).

wormed the Covert (Gnoll Wanderer)                  Turns: 2091, Time: 00:05:37

Health: -5/38      AC:  7    Str: 11    XL:     5   Next: 75%
Magic:  8/12       EV:  2    Int: 12    God:
Gold:   168        SH:  0    Dex: 13    Spells: 8/14 levels left

rFire   . . .      SeeInvis .    l - +1 whip (venom)
rCold   . . .      Faith    .    (no shield)
rNeg    . . .      Spirit   .    n - +0 leather armour
rPois   .          Reflect  .    g - +0 helmet
rElec   .          Harm     .    o - +0 cloak
rCorr   .          Rampage  .    m - +0 pair of gloves
Will    .....                    b - +0 pair of boots
Stlth   +++                      (no amulet)
HPRegen 0.26/turn                f - +5 ring of evasion
MPRegen 0.13/turn                (no ring)

@: paralysed
A: fangs 1, strong nose, distributed training
a: no special abilities


You were on level 3 of the Dungeon.
You visited 1 branch of the dungeon, and saw 4 of its levels.

You collected 168 gold pieces.

Inventory:

Hand Weapons
 a - a +0 quarterstaff
 l - a +1 whip of venom (weapon)
Armour
 b - a +0 pair of boots (worn)
 g - a +0 helmet (worn)
 m - a +0 pair of gloves (worn)
 n - a +0 leather armour (worn)
 o - a +0 cloak (worn)
Jewellery
 d - a ring of protection from cold
 f - a +5 ring of evasion (left hand)
Scrolls
 j - a scroll of identify
 p - a scroll of fear {unknown}
Potions
 e - 2 potions of cancellation
 h - 3 potions of lignification
 k - a potion of attraction


   Skills:
 + Level 1.7 Fighting
 + Level 1.7 Short Blades
 + Level 1.7 Long Blades
 + Level 1.7 Axes
 + Level 1.7 Maces & Flails
 + Level 1.7 Polearms
 + Level 3.1 Staves
 + Level 1.7 Ranged Weapons
 + Level 1.7 Throwing
 + Level 1.7 Armour
 + Level 1.7 Dodging
 + Level 8.0 Stealth
 + Level 1.7 Shields
 + Level 1.7 Unarmed Combat
 + Level 5.2 Spellcasting
 + Level 1.3 Conjurations
 + Level 1.3 Hexes
 + Level 1.3 Summonings
 + Level 5.6 Necromancy
 + Level 1.3 Translocations
 + Level 1.3 Transmutations
 + Level 1.3 Fire Magic
 + Level 1.3 Ice Magic
 + Level 1.3 Air Magic
 + Level 1.3 Earth Magic
 + Level 1.3 Poison Magic
 + Level 1.9 Invocations
 + Level 1.7 Evocations


You had 8 spell levels left.
You knew the following spells:

 Your Spells              Type           Power      Damage    Failure   Level
a - Sandblast             Erth           12%        2d6       14%         1
b - Stone Arrow           Conj/Erth      12%        3d7       41%         3
c - Passwall              Tmut/Erth      5%         N/A       22%         2

Your spell library contained the following spells:

 Spells                   Type           Power      Damage    Failure   Level
 Necrotise                Necr           64%        1d7       2%          1
 Kiss of Death            Conj/Necr      44%        2d8       6%          1
 Vampiric Draining        Necr           16%        2d7       8%          3


Dungeon Overview and Level Annotations

Branches:
Dungeon (4/15)
 Temple: D:4-7

Altars:

Annotations:
D:3 Grinder, Sigmund
D:4 Dowan, Duvessa


Innate Abilities, Weirdness & Mutations

You have very sharp teeth.
Your uncanny sense of smell can sniff out nearby items.
Your experience applies equally to all skills.


Message History

Grinder hits you!
You hit Grinder.
Grinder is moderately wounded.
Grinder says, "FISH!"
Grinder gestures at you. Pain shoots through your body!
* * * LOW HITPOINT WARNING * * *
The orc misses you.
You closely miss Grinder.
Grinder is moderately wounded.
The orc hits you from afar with a +0 trident.
* * * LOW HITPOINT WARNING * * *
Grinder misses you.
As you read the scroll of fog, it crumbles to dust.
The scroll dissolves into smoke.
The orc misses you. Grinder closely misses you.
You feel much better.
The orc hits you from afar with a +0 trident!
Grinder gestures at you.
You barely resist. You hit Grinder.
Grinder is heavily wounded.
The orc closely misses you. Grinder hits you but does no damage.
You hit Grinder.
Grinder is heavily wounded.
Grinder blinks!
The orc hits you but does no damage.
Found 3 stones.
Grinder gestures at you.
You suddenly lose the ability to move!
The orc hits you but does no damage. Grinder hits you!
* * * LOW HITPOINT WARNING * * *
The orc completely misses you. Grinder hits you.
* * * LOW HITPOINT WARNING * * *
You writhe in agony.
* * * LOW HITPOINT WARNING * * *
Your magical contamination has completely faded away.
The orc throws a boomerang.
The boomerang hits you but does no damage.
Grinder hits you!
You die... ∆ ... ..## ..# ∆...# .... .o# ....# ooo

....
#######§##.#.#.
#
.....§oo§§§....
....
.....§§§§§§#
....
####.#§§@5##
###. ##.#§#
...#.# ###.#..
#.#### #.# ∆
#.# .( #


You could see Grinder, an orc wizard and an orc.

Vanquished Creatures
  A hound (D:4)
  A jelly (D:4)
  An orc priest (D:4)
  2 adders
  A worm (D:4)
  2 dart slugs
  6 orcs
  3 bats
  10 endoplasms
  3 giant cockroaches
  10 hobgoblins
  6 jackals
  2 quokkas
  6 ball pythons (D:2)
  2 frilled lizards
  5 goblins
  7 kobolds
  2 rats
70 creatures vanquished.

Notes
Turn   | Place    | Note
-------+----------+-------------------------------------------
     0 | D:1      | wormed the Gnoll Wanderer began the quest for the Orb.
     0 | D:1      | wormed set off with the following items: a +0 quarterstaff,
                  | a +0 pair of boots, a scroll of fog, a +0 robe; and the
                  | following spells available to memorise: Necrotise, Kiss of
                  | Death, Vampiric Draining.
     0 | D:1      | Reached XP level 1. HP: 13/13 MP: 6/6
     2 | D:1      | Learned a level 1 spell: Necrotise
    96 | D:1      | Reached XP level 2. HP: 19/19 MP: 7/7
   239 | D:1      | Found a faded altar of an unknown god.
   452 | D:1      | Reached skill level 5 in Spellcasting
   452 | D:1      | Reached XP level 3. HP: 25/25 MP: 7/9
   749 | D:2      | Reached skill level 1 in Invocations
   886 | D:2      | Reached skill level 1 in Fighting
   886 | D:2      | Reached skill level 1 in Short Blades
   886 | D:2      | Reached skill level 1 in Long Blades
   886 | D:2      | Reached skill level 1 in Axes
   886 | D:2      | Reached skill level 1 in Maces & Flails
   886 | D:2      | Reached skill level 1 in Polearms
   886 | D:2      | Reached skill level 1 in Ranged Weapons
   886 | D:2      | Reached skill level 1 in Throwing
   886 | D:2      | Reached skill level 1 in Armour
   886 | D:2      | Reached skill level 1 in Dodging
   886 | D:2      | Reached skill level 1 in Shields
   886 | D:2      | Reached skill level 1 in Unarmed Combat
   886 | D:2      | Reached skill level 1 in Evocations
  1137 | D:2      | Reached XP level 4. HP: 29/32 MP: 11/11
  1442 | D:3      | Noticed Sigmund
  1528 | D:3      | Reached skill level 1 in Conjurations
  1528 | D:3      | Reached skill level 1 in Hexes
  1528 | D:3      | Reached skill level 1 in Summonings
  1528 | D:3      | Reached skill level 1 in Translocations
  1528 | D:3      | Reached skill level 1 in Transmutations
  1528 | D:3      | Reached skill level 1 in Fire Magic
  1528 | D:3      | Reached skill level 1 in Ice Magic
  1528 | D:3      | Reached skill level 1 in Air Magic
  1528 | D:3      | Reached skill level 1 in Earth Magic
  1528 | D:3      | Reached skill level 1 in Poison Magic
  1595 | D:4      | Reached XP level 5. HP: 19/37 MP: 12/12
  1700 | D:4      | Learned a level 1 spell: Sandblast
  1704 | D:4      | Learned a level 3 spell: Stone Arrow
  1707 | D:4      | Learned a level 2 spell: Passwall
  1801 | D:4      | Reached skill level 8 in Stealth
  1877 | D:4      | Noticed Duvessa
  1967 | D:4      | Noticed Dowan
  1986 | D:4      | Noticed a black bear
  2073 | D:3      | Noticed Grinder
  2075 | D:3      | Paralysed by Grinder for 2 turns
  2088 | D:3      | Paralysed by Grinder for 4 turns
  2091 | D:3      | Slain by Grinder

Illustrated notes

Levels and vault maps discovered:
D:1:      dpeg_arrival_erosion, layout_rooms,
          ebering_ecumenical_altar_petrified, minmay_tetromino_s4
D:2:      layout_basic
D:3:      layout_basic, nicolae_overflows_in_rows, nicolae_titane, uniq_sigmund,
          uniq_grinder
D:4:      layout_basic, uniq_duvessa

Skill      XL: |  1  2  3  4  5 |
---------------+----------------+-----
Spellcasting   | 5 |  5.2
Invocations    | 1 |  1.9
Fighting       | 1 |  1.7
Short Blades   | 1 |  1.7
Long Blades    | 1 |  1.7
Axes           | 1 |  1.7
Maces & Flails | 1 |  1.7
Polearms       | 1 |  1.7
Ranged Weapons | 1 |  1.7
Throwing       | 1 |  1.7
Armour         | 1 |  1.7
Dodging        | 1 |  1.7
Shields        | 1 |  1.7
Unarmed Combat | 1 |  1.7
Evocations     | 1 |  1.7
Conjurations   | 1 |  1.3
Hexes          | 1 |  1.3
Summonings     | 1 |  1.3
Translocations | 1 |  1.3
Transmutations | 1 |  1.3
Fire Magic     | 1 |  1.3
Ice Magic      | 1 |  1.3
Air Magic      | 1 |  1.3
Earth Magic    | 1 |  1.3
Poison Magic   | 1 |  1.3
Staves         | 3 |  3.1
Stealth        | 8 |  8.0
Necromancy     | |  5.6

Action                   |  1- 3 |  4- 6 || total
-------------------------+-------+-------++-------
Melee: Quarterstaff      |    42 |       ||    42
       Bite              |     6 |     9 ||    15
       Whip              |    43 |    78 ||   121
 Cast: Necrotise         |    17 |       ||    17
       Sandblast         |       |    10 ||    10
  Use: Scroll            |     4 |     5 ||     9
       Potion            |       |     1 ||     1
 Stab: Sleeping          |    12 |     4 ||    16
Armor: Robe              |    11 |     8 ||    19
       Leather armour    |       |     5 ||     5
Dodge: Dodged            |    51 |    55 ||   106

Table legend: (Time is in decaauts)
 A = Elapsed time spent in this place.
 B = Non-inter-level travel time spent in this place.
 C = Inter-level travel time spent in this place.
 D = Time resting spent in this place.
 E = Time spent auto-exploring this place.
 F = Levels seen in this place.
 G = Mean time per level.
                   A        B        C        D        E       F      G
               +--------+--------+--------+--------+--------+-----+--------+
         Total |   2107 |   2063 |     44 |      0 |   1362 |   4 |  526.8 |
       Dungeon |   2107 |   2063 |     44 |      0 |   1362 |   4 |  526.8 |
               +--------+--------+--------+--------+--------+-----+--------+

Top non-repeatable levels by time:
     D:1: 758 daAuts
     D:2: 670 daAuts
     D:4: 529 daAuts
     D:3: 149 daAuts
